 Dungeon Crawl Stone Soup version 0.27-a0-998-g4cfe56dd59 (webtiles) character file.

Game seed: 10904412520230277529

48 pokeman the Magician (level 3, -2/20 HPs)
             Began as a Deep Elf Hedge Wizard on Apr 16, 2021.
             Hit by a goblin thrown by Robin (3 damage)
             ... on level 2 of the Dungeon.
             The game lasted 00:02:41 (1489 turns).

pokeman the Magician (Deep Elf Hedge Wizard)        Turns: 1489, Time: 00:02:42

Health: -2/20      AC:  3    Str:  7    XL:     3   Next: 50%
Magic:  0/11       EV: 11    Int: 19    God:
Gold:   27         SH:  5    Dex: 14    Spells: 1/12 levels left

rFire    . . .     SeeInvis .   h - staff of air
rCold    . . .     Faith    .   (no shield)
rNeg     . . .     Spirit   .   d - +0 leather armour
rPois    .         Reflect  +   c - +0 hat
rElec    +         Harm     .   (no cloak)
rCorr    .         Rampage  .   (no gloves)
Will     .....                  (no boots)
Stlth    ++........             e - amulet of reflection
HPRegen  0.06/turn              (no ring)
MPRegen  0.12/turn              (no ring)

@: no status effects
A: no striking features
a: no special abilities


You were on level 2 of the Dungeon.
You visited 1 branch of the dungeon, and saw 2 of its levels.

You collected 27 gold pieces.

Inventory:

Missiles
 b - 47 bolts
 k - 22 arrows
Armour
 c - a +0 hat (worn)
 d - a +0 leather armour (worn)
Magical Staves
 h - a staff of air (weapon)
Jewellery
 e - an amulet of reflection (around neck)
Scrolls
 i - a scroll of identify {unknown}
Potions
 a - 2 potions of lignification {unknown}
 f - a potion of mutation {unknown}
 g - a potion of invisibility {unknown}
 j - 2 potions of brilliance {unknown}


   Skills:
 - Level 1.0 Fighting
 + Level 0.9 Armour
 + Level 2.4 Dodging
 - Level 2.4 Stealth
 * Level 5.2 Spellcasting
 + Level 1.9 Conjurations
 - Level 1.1 Summonings
 - Level 1.1 Translocations


You had one spell level left.
You knew the following spells:

 Your Spells              Type           Power      Damage    Failure   Level
a - Magic Dart            Conj           48%        1d5       9%          1
b - Mephitic Cloud        Conj/Pois/Air  11%        N/A       38%         3
c - Call Imp              Summ           9%         N/A       17%         2
d - Blink                 Tloc           N/A        N/A       17%         2
e - Conjure Flame         Conj/Fire      8%         6-21      34%         3

Your spell library contained the following spells:

 Spells                   Type           Power      Damage    Failure   Level
 Summon Small Mammal      Summ           36%        N/A       11%         1
 Slow                     Hex            5%         N/A       26%         2
 Call Canine Familiar     Summ           9%         N/A       32%         3
 Summon Guardian Golem    Hex/Summ       7%         N/A       38%         3
 Summon Ice Beast         Ice/Summ       7%         N/A       80%         4
 Summon Lightning Spire   Summ/Air       10%        N/A       80%         4


Dungeon Overview and Level Annotations

Branches:
Dungeon (2/15)

Altars:

Annotations:
D:2 Robin


Message History

Confirm with . or Enter, or press ? or * to list all spells.
Aiming: Magic Dart (safe; 9% risk of failure)
Press: ? - help, Shift-Dir - straight line, f/p - goblin
Aim: a goblin, wielding a +2 vampiric dagger (severely wounded, 100% to hit)
The magic dart hits the goblin.
You kill the goblin!
You feel very sick. The bat closely misses you.
Robin of the Strong Arm comes into view.
They are wielding a +0 short sword.
The bat closely misses you.
A goblin comes into view. It is wielding a +0 club.
You feel sick.
* * * LOW HITPOINT WARNING * * *
You feel sick.
Robin shouts!
You hear a shout!
The bat hits you but does no damage. You block Robin's attack.
* * * LOW HITPOINT WARNING * * *
You feel sick. You block the bat's attack.
* * * LOW HITPOINT WARNING * * *
You feel sick. The bat hits you but does no damage.
Robin roars a battlecry!
Found a leather armour.
* * * LOW HITPOINT WARNING * * *
You feel sick. The bat hits you but does no damage.
* * * LOW HITPOINT WARNING * * *
You feel sick.
You see here a +0 leather armour.
* * * LOW HITPOINT WARNING * * *
You feel sick.
You are no longer poisoned.
The bat hits you but does no damage. x2
Casting: Magic Dart (safe; 9% risk of failure)
Confirm with . or Enter, or press ? or * to list all spells.
Aiming: Magic Dart (safe; 9% risk of failure)
Press: ? - help, Shift-Dir - straight line, f - bat
Aim: a bat (100% to hit)
The magic dart hits the bat.
The bat is severely wounded.
The bat completely misses you. Robin throws the goblin at you!
You die...

#....# #..### #..#
#..# #..# #..######.#
## #.........# ..
##.############.#####
#.# #..b@g...... #.#
#g####.##### #.#####
#.# .##
#.....###g###...###
#####....#g.gg(....
#####.###...### #.#
)## #.# ). #.# ..


You could see Robin, a goblin and a bat.

Vanquished Creatures
  An adder (D:2)
  2 endoplasms
  10 goblins
  4 hobgoblins
  5 ball pythons (D:1)
  4 bats (D:1)
  2 frilled lizards (D:1)
  4 kobolds (D:1)
  2 rats (D:1)
34 creatures vanquished.

Notes
Turn   | Place    | Note
-------+----------+-------------------------------------------
     0 | D:1      | pokeman the Deep Elf Hedge Wizard began the quest for the
                  | Orb.
     0 | D:1      | Reached XP level 1. HP: 10/10 MP: 7/7
   291 | D:1      | Reached XP level 2. HP: 16/16 MP: 0/9
   493 | D:1      | Found a faded altar of an unknown god.
   977 | D:1      | Reached skill level 5 in Spellcasting
  1304 | D:2      | Reached XP level 3. HP: 20/20 MP: 3/11
  1308 | D:2      | Learned a level 3 spell: Mephitic Cloud
  1311 | D:2      | Learned a level 2 spell: Call Imp
  1314 | D:2      | Learned a level 2 spell: Blink
  1318 | D:2      | Learned a level 3 spell: Conjure Flame
  1465 | D:2      | Reached skill level 1 in Fighting
  1481 | D:2      | Noticed Robin
  1488 | D:2      | HP: 1/20 [poisoned by a goblin]
  1489 | D:2      | Hit by a goblin thrown by Robin

Illustrated notes

Levels and vault maps discovered:
D:1:      scummos_arrival_simple_fountains, layout_loops_ring,
          hellmonk_ecumenical_altar_crossroads
D:2:      layout_loops_ring, minmay_split_cup_large, uniq_natasha, uniq_robin

Skill      XL: |  1  2  3 |
---------------+----------+-----
Spellcasting   | 5 |  5.2
Fighting       | 1 |  1.0
Armour         | |  0.9
Dodging        | |  2.4
Stealth        | |  2.4
Conjurations   | |  1.9
Summonings     | |  1.1
Translocations | |  1.1

Action                   || total
-------------------------++-------
Melee: Staff             ||     8
 Cast: Magic Dart        ||    74
Armor: Leather armour    ||    13
Dodge: Dodged            ||    14
Block: Other             ||     7
       Reflection        ||     2

Table legend: (Time is in decaauts)
 A = Elapsed time spent in this place.
 B = Non-inter-level travel time spent in this place.
 C = Inter-level travel time spent in this place.
 D = Time resting spent in this place.
 E = Time spent auto-exploring this place.
 F = Levels seen in this place.
 G = Mean time per level.
                   A        B        C        D        E       F      G
               +--------+--------+--------+--------+--------+-----+--------+
         Total |   1489 |   1453 |     36 |      5 |   1247 |   2 |  744.5 |
       Dungeon |   1489 |   1453 |     36 |      5 |   1247 |   2 |  744.5 |
               +--------+--------+--------+--------+--------+-----+--------+

Top non-repeatable levels by time:
     D:1: 1288 daAuts
     D:2: 201 daAuts
